 Dungeon Crawl Stone Soup version 0.30-a0-172-gc5509c9e31 (webtiles) character file.

Game seed: 1601338576966608257

261 qw the Chopper (level 6, 0/38 HPs)
             Began as a Gargoyle Fighter on Oct 1, 2022.
             Slain by an iguana (6 damage)
             ... on level 4 of the Dungeon.
             The game lasted 00:01:36 (3216 turns).

qw the Chopper (Gargoyle Fighter)                   Turns: 3216, Time: 00:01:36

Health: 0/38       AC: 14    Str: 22    XL:     6   Next: 18%
Magic:  6/6        EV:  7    Int:  8    God:
Gold:   205        SH:  4    Dex:  9    Spells: 5/5 levels left

rFire   + . .      SeeInvis .    Y - +0 war axe
rCold   . . .      Faith    .    c - +0 buckler
rNeg    + + .      Spirit   .    j - +0 chain mail
rPois   inf        Reflect  .    i - +0 helmet
rElec   +          Harm     .    (no cloak)
rCorr   .          Rampage  .    (no gloves)
Will    .....                    (no boots)
Stlth   ..........               (no amulet)
HPRegen 0.26/turn                l - ring of protection from fire
MPRegen 0.10/turn                e - ring of positive energy

@: no status effects
A: sickness immunity, AC +4, negative energy resistance 1, electricity
resistance, torment resistance 1, petrification resistance
a: no special abilities


You were on level 4 of the Dungeon.
You visited 1 branch of the dungeon, and saw 5 of its levels.

You collected 205 gold pieces.


Innate Abilities, Weirdness & Mutations

You are immune to sickness and miasma.
Your stone body is resilient. (AC +4)
You are immune to poison.
You resist negative energy. (rN+)
You are resistant to electric shocks. (rElec)
You are resistant to unholy torment.
You are immune to petrification.


   Skills:
 - Level 4.0 Fighting
 + Level 5.4 Axes
 - Level 3.2 Armour
 - Level 3.2 Shields


You had 5 spell levels left.
You didn't know any spells.
Your spell library was empty.

Inventory:

Hand Weapons
 n - a +0 flail
 Y - a +0 war axe (weapon)
Armour
 c - a +0 buckler (worn)
 i - a +0 helmet (worn)
 j - a +0 chain mail (worn)
Jewellery
 a - a ring of fire
 e - a ring of positive energy (right hand)
 l - a ring of protection from fire (left hand)
Scrolls
 q - a scroll of identify
Potions
 d - a potion of might
 g - a potion of berserk rage {unknown}
 k - a potion of cancellation
 o - a potion of lignification {unknown}
 r - a potion of resistance {unknown}

Dungeon Overview and Level Annotations

Branches:
Dungeon (5/15)
 Temple: D:4-7

Altars:

Shops:
D:2 (

Annotations:
D:3 1 runed translucent door, Crazy Yiuf


Message History

You hit the orc.
You kill the orc!
You barely miss the iguana. You hit the orc priest. The iguana bites you.
The orc priest hits you but does no damage.
You hit the orc priest.
The orc priest is almost dead.
You hit the iguana.
The orc priest begins to cast a cantrip, but forgets the words!
The iguana bites you but does no damage.
You closely miss the orc priest.
The orc priest is almost dead.
You closely miss the iguana.
You hear a shout!
The iguana barely misses you.
The orc priest looks encouraged for a moment.
The iguana barely misses you. The orc priest barely misses you.
You hear a shout!
You barely miss the orc priest.
The orc priest is almost dead.
You hit the iguana but do no damage. You block the iguana's attack.
The orc priest invokes the aid of Beogh against you.
Pain shoots through your body!
You barely miss the orc priest.
The orc priest is almost dead.
You hit the worm. You hit the iguana. The iguana bites you.
The orc priest hits you but does no damage.
The worm bites you.
You closely miss the orc priest.
The orc priest is almost dead.
You barely miss the worm. You slash the iguana! The iguana barely misses you.
The orc priest completely misses you. x2
The iguana closely misses you. The worm bites you!
You closely miss the orc priest.
The orc priest is almost dead.
You hit the worm but do no damage. You completely miss the iguana.
The iguana bites you.
You die...

#.#..#####
####.<.......
........##### .)..g..
####.#..# .....r.
#..#.# ...ow..
#......########.B.o...
#..###....##......[l
#..# ####.#.o##oo.
#..# #...)@#.# #..#
##..#wl.# ##.###.).#
##..# ##..# #<.## ....
#.## ...$.# #.# .....#
..# .....# ...# ......


You could see a worm, an iguana and an orc priest.

Vanquished Creatures
  A jelly (D:4)
  An iguana (D:3)
  3 orc wizards (D:3)
  4 adders
  An ufetubus (D:4)
  A worm (D:2)
  13 orcs
  4 endoplasms
  3 giant cockroaches
  10 hobgoblins
  5 kobolds
  A quokka (D:4)
  8 ball pythons
  6 bats
  A frilled lizard (D:3)
  7 goblins
  6 rats
75 creatures vanquished.

Vanquished Creatures (others)
  3 demonic plants (D:1)
  A fungus (D:1)
  4 plants
  2 withered plants (D:1)
10 creatures vanquished.

Grand Total: 85 creatures vanquished

Notes
Turn   | Place    | Note
-------+----------+-------------------------------------------
     0 | D:1      | qw the Gargoyle Fighter began the quest for the Orb.
     0 | D:1      | Reached XP level 1. HP: 14/14 MP: 1/1
     0 | D:1      | 0 ||| qw: Version: 0.2-a-13-gfc7b4b4
     0 | D:1      | 0 ||| qw: Game counter: 1778
     0 | D:1      | 0 ||| qw: Always use a shield: true
     0 | D:1      | 0 ||| qw: God list: Okawaru
     0 | D:1      | 0 ||| qw: Allow faded altars: false
     0 | D:1      | 0 ||| qw: Do Orc after D:15 true
     0 | D:1      | 0 ||| qw: Do second Lair branch before Depths: true
     0 | D:1      | 0 ||| qw: Lair rune preference: random
     0 | D:1      | 0 ||| qw: Plans: Normal, Zot:1-4, God:TSO, Crypt, Tomb,
                  | Pan, Slime:5, Hells, Abyss, Orb
     0 | D:1      | 0 ||| PLANNING D:1-11
    56 | D:1      | Reached skill level 2 in Axes
   178 | D:1      | Found a faded altar of an unknown god.
   201 | D:1      | 201 ||| Stepping ~*~*~tactically~*~*~ (stealth).
   204 | D:1      | Reached XP level 2. HP: 14/19 MP: 2/2
   708 | D:1      | 708 ||| UPGRADING to +0 helmet.
   713 | D:1      | 713 ||| DROPPING +6 ring of intelligence.
   714 | D:1      | 714 ||| UPGRADING to ring of protection from fire.
   715 | D:1      | 715 ||| READING scroll labelled XAUVVO BOURY.
   716 | D:1      | 716 ||| READING 2 scrolls labelled WEAKLI HOMMOBB.
   750 | D:2      | Reached skill level 3 in Axes
   795 | D:2      | Reached XP level 3. HP: 23/23 MP: 3/3
   933 | D:2      | 933 ||| Stepping ~*~*~tactically~*~*~ (stealth).
  1102 | D:2      | Found Qiriotixt's Antique Weapon Shop.
  1415 | D:2      | Reached XP level 4. HP: 28/28 MP: 4/4
  1778 | D:2      | 1778 ||| DROPPING amulet of faith.
  1779 | D:2      | 1779 ||| UPGRADING to ring of positive energy.
  1780 | D:2      | 1780 ||| READING scroll labelled POLLISK DENEACS.
  1781 | D:2      | 1781 ||| READING scroll labelled JUM UHYIDULLAO.
  1782 | D:2      | 1782 ||| READING scroll labelled XUCAIG FELUF.
  1783 | D:2      | 1783 ||| READING scroll labelled OXIWIMOERE.
  1784 | D:2      | 1784 ||| READING 2 scrolls labelled LYHARI TIXOLU.
  1785 | D:2      | 1785 ||| DRINKING 2 fizzy red potions.
  1880 | D:3      | 1880 ||| Stepping ~*~*~tactically~*~*~ (stealth).
  1888 | D:3      | 1888 ||| Stepping ~*~*~tactically~*~*~ (stealth).
  1933 | D:3      | You fall into a shaft and drop 2 floors!
  1933 | D:5      | Entered Level 5 of the Dungeon
  1964 | D:3      | 1964 ||| Stepping ~*~*~tactically~*~*~ (stealth).
  1969 | D:3      | 1969 ||| Stepping ~*~*~tactically~*~*~ (stealth).
  1988 | D:3      | Reached skill level 4 in Axes
  2086 | D:3      | 2086 ||| Stepping ~*~*~tactically~*~*~ (stealth).
  2094 | D:3      | HP: 7/28 [iguana (7)]
  2095 | D:3      | 2095 ||| READING scroll of teleportation.
  2124 | D:3      | 2124 ||| Stepping ~*~*~tactically~*~*~ (stealth).
  2128 | D:3      | HP: 7/28 [iguana (7)]
  2131 | D:3      | Reached XP level 5. HP: 5/32 MP: 5/5
  2416 | D:3      | 2416 ||| Stepping ~*~*~tactically~*~*~ (stealth).
  2417 | D:3      | 2417 ||| Stepping ~*~*~tactically~*~*~ (stealth).
  2640 | D:3      | 2640 ||| Stepping ~*~*~tactically~*~*~ (stealth).
  2669 | D:3      | 2669 ||| DROPPING +0 whip.
  2674 | D:3      | Found a runed translucent door.
  2675 | D:3      | Noticed Crazy Yiuf
  2729 | D:3      | Reached skill level 5 in Axes
  2729 | D:3      | 2729 ||| FLEEEEING.
  2730 | D:3      | 2730 ||| FLEEEEING.
  2731 | D:3      | 2731 ||| FLEEEEING.
  2732 | D:3      | 2732 ||| FLEEEEING.
  2733 | D:3      | 2733 ||| FLEEEEING.
  2734 | D:3      | 2734 ||| FLEEEEING.
  2735 | D:3      | 2735 ||| FLEEEEING.
  2736 | D:3      | 2736 ||| FLEEEEING.
  2742 | D:3      | 2742 ||| FLEEEEING.
  2743 | D:3      | 2743 ||| FLEEEEING.
  2749 | D:3      | 2749 ||| FLEEEEING.
  2750 | D:3      | 2750 ||| FLEEEEING.
  2756 | D:3      | 2756 ||| FLEEEEING.
  2757 | D:3      | 2757 ||| FLEEEEING.
  2758 | D:3      | 2758 ||| FLEEEEING.
  2759 | D:3      | 2759 ||| FLEEEEING.
  2763 | D:3      | 2763 ||| FLEEEEING.
  2764 | D:3      | 2764 ||| FLEEEEING.
  2880 | D:3      | 2880 ||| Invisible monster not found???
  2991 | D:3      | 2991 ||| UPGRADING to +0 chain mail.
  3001 | D:3      | 3001 ||| DROPPING +0 scale mail.
  3002 | D:3      | 3002 ||| READING scroll labelled BEIKAP JYAM.
  3003 | D:3      | 3003 ||| READING scroll labelled JUANWUR MIEC.
  3004 | D:3      | 3004 ||| READING 2 scrolls of identify.
  3004 | D:3      | 3004 ||| IDENTIFYING coppery potion
  3005 | D:3      | 3005 ||| DROPPING potion of degeneration.
  3059 | D:4      | 3059 ||| Stepping ~*~*~tactically~*~*~ (stealth).
  3096 | D:4      | Reached XP level 6. HP: 20/38 MP: 6/6
  3142 | D:4      | 3142 ||| FLEEEEING.
  3146 | D:4      | 3146 ||| STAIRDANCE
  3193 | D:4      | 3193 ||| Stepping ~*~*~tactically~*~*~ (stealth).
  3195 | D:4      | 3195 ||| Stepping ~*~*~tactically~*~*~ (stealth).
  3197 | D:4      | 3197 ||| Stepping ~*~*~tactically~*~*~ (hiding).
  3215 | D:4      | HP: 6/38 [worm (7)]
  3216 | D:4      | Slain by an iguana

Levels and vault maps discovered:
D:1:      tarquinn_simple_flora_water_c, layout_basic,
          shapermc_ecumenical_altar_gd
D:2:      layout_basic, serial_shops, shop, kennysheep_boxes
D:3:      layout_loops_ring, uniq_crazy_yiuf_cottage
D:4:      layout_rooms, nicolae_hepliaklqana_hazy_memory,
          chequers_temple_overflow_statue_of_worship,
          minmay_temple_entry_gardened_gates, saegor_snake_ambush, uniq_menkaure
D:5:      minmay_chambers_of_threes, layout_basic, grunt_decor_cap, st_stairs_11

Skill      XL: |  1  2  3  4  5 |
---------------+----------------+-----
Axes           | 2 3 4 5 |  5.4
Fighting       | 4 |  4.0
Armour         | |  3.2
Shields        | |  3.2

Action                   |  1- 3 |  4- 6 || total
-------------------------+-------+-------++-------
Melee: War axe           |   109 |   139 ||   248
  Use: Scroll            |     2 |     9 ||    11
       Potion            |       |     1 ||     1
Armor: Scale mail        |    66 |    51 ||   117
       Chain mail        |       |    29 ||    29
Dodge: Dodged            |    46 |    49 ||    95
Block: Buckler           |    16 |    23 ||    39

Table legend:
 A = Non-vault XP
 B = Vault XP
 C = Vault XP percentage of total XP
 D = Non-vault monster count
 E = Vault monster count
 F = Vault count percentage of total count
                 A         B        C        D         E       F
            +---------+---------+-------+---------+---------+-------
      Total |     374 |       0 |   0.0 |      75 |       0 |   0.0
            +---------+---------+-------+---------+---------+-------
        D:1 |      28 |       0 |   0.0 |      19 |       0 |   0.0
        D:2 |      56 |       0 |   0.0 |      17 |       0 |   0.0
        D:3 |     199 |       0 |   0.0 |      30 |       0 |   0.0
        D:4 |      91 |       0 |   0.0 |       9 |       0 |   0.0
            +---------+---------+-------+---------+---------+-------
